 Dungeon Crawl Stone Soup version 0.17-a0-2064-g265a032 (webtiles) character file.

627 Maka the Basher (level 7, 0/57 HPs)
             Began as a Hill Orc Fighter on Oct 13, 2015.
             Slain by an orc warrior
             ... wielding a +0 trident
              (4 damage)
             ... on level 5 of the Dungeon.
             The game lasted 00:09:25 (4548 turns).

Maka the Basher (Hill Orc Fighter)                  Turns: 4548, Time: 00:09:25

Health: 0/57       AC: 13    Str: 19    XL:     7   Next: 47%
Magic:  7/7        EV: 10    Int:  8    God:
Gold:   344        SH:  9    Dex: 17    Spells: 0 memorised, 6 levels left

rFire  . . .     SeeInvis +     a - +1 morningstar
rCold  . . .     Clarity  .     A - +0 chain mail
rNeg   . . .     SustAt   +     c - +0 shield
rPois  .         Gourm    .     o - +0 helmet
rElec  .         Spirit   .     D - +0 cloak
rCorr  .         Warding  .     u - +0 pair of gloves
rMut   .         Stasis   .     m - +0 pair of boots {Fly}
MR     .....                    y - amulet of rage
Stlth  ..........               B - ring of see invisible
                                n - ring of sustain attributes

@: agile, flying, not resistant to hostile enchantments, extremely unstealthy
A: no striking features
a: Evoke Berserk Rage, Stop Flying


You were on level 5 of the Dungeon.
You were not hungry.

You visited 1 branch of the dungeon, and saw 6 of its levels.

You collected 344 gold pieces.

Inventory:

Hand Weapons
 a - a +1 morningstar (weapon)
 z - a +0 flail
Missiles
 w - 8 javelins (quivered)
Armour
 c - a +0 shield (worn)
 m - a +0 pair of boots of flying (worn)
 o - a +0 helmet (worn)
 u - a +0 pair of gloves (worn)
 A - a +0 chain mail (worn)
 D - a +0 cloak (worn)
Jewellery
 n - a ring of sustain attributes (left hand)
 y - an amulet of rage (around neck)
 B - a ring of see invisible (right hand)
Wands
 h - a wand of paralysis (13)
 s - a wand of fireball (8)
 t - a wand of digging (15)
 x - a wand of magic darts (20)
 I - a wand of draining (12)
Scrolls
 b - a scroll of recharging
 g - a scroll of teleportation
 j - a scroll of amnesia
 k - a scroll of enchant weapon
 p - a scroll of remove curse
Potions
 d - 2 potions of resistance
 f - 4 potions of curing
 l - 2 potions of flight
 q - a potion of agility
 v - 2 potions of lignification {unknown}
 C - a potion of cancellation {unknown}
Comestibles
 e - 4 bread rations
 i - 3 meat rations


   Skills:
 - Level 3.6 Fighting
 + Level 8.9 Maces & Flails
 - Level 3.2 Armour
 - Level 3.2 Shields


You had 6 spell levels left.
You didn't know any spells.

Dungeon Overview and Level Annotations

Branches:
Dungeon (6/15)
 Temple: D:4-7

Altars:
Ashenzari
Fedhas
Makhleb
Nemelex Xobeh
Sif Muna
Trog
Vehumet


Message History

The gnoll hits you but does no damage.
You closely miss the orc warrior. You block the orc warrior's attack.
The gnoll hits you but does no damage.
You closely miss the orc warrior. You block the gnoll's attack.
The orc warrior hits you with a trident.
* * * LOW HITPOINT WARNING * * *
Drink which item? (? for menu, Esc to quit)
You feel better. The gnoll hits you but does no damage.
The orc warrior barely misses you.
Drink which item? (? for menu, Esc to quit)
It was a potion of agility.
You feel agile all of a sudden. The gnoll hits you but does no damage.
The orc warrior hits you with a trident!
* * * LOW HITPOINT WARNING * * *
Your shield and chain mail prevent you from hitting the orc warrior.
The gnoll hits you.
* * * LOW HITPOINT WARNING * * *
The orc warrior hits you with a trident.
You die...

..........##.# #.......# #...
..........##.###########.## #.##
######.#.....#...........# #.# #
#.#.#####.########..# #.#
######.#.# #......# #..# #.#
.......#.# ######.# #..# #.##
....>..#.##### #.# #..# #...
.......#.....######.# #..# #..#
.......#####.##)@g..# #..# #...
.......#......#o##### #..# #.##
.......#.#.#..#.#######..# #.#.
.......#.###..._..#......#####.#.
.....#.#......#.#.#.####....)....
######.######.#...#.# #######.##
####.#.#)...#.#####.# #.##
.....#.#.##.#.......# #...
####.#.#..#.################ ####


You could see an orc warrior and a gnoll.

Vanquished Creatures
  An ogre (D:5)
  2 scorpions (D:4)
  The ghost of alpinistek the Chiller, a weakling DsIE (D:3)
  A giant frog zombie (D:5)
  Crazy Yiuf (D:4)
  A hound (D:4)
  Jessica (D:2)
  A gnoll shaman (D:5)
  3 orc wizards
  2 worker ants
  5 adders
  3 gnolls (D:5)
  An adder skeleton (D:4)
  2 worms (D:2)
  2 giant geckos
  11 orcs
  A bat (D:1)
  6 giant cockroaches
  5 goblins
  5 hobgoblins
  3 jackals (D:4)
  A quokka (D:2)
  A giant gecko skeleton (D:4)
  A giant gecko zombie (D:5)
  3 giant newts
  6 kobolds
  A quokka skeleton (D:4)
  6 rats
77 creatures vanquished.

Vanquished Creatures (others)
  An ooze (D:3)
  An orc (D:4)
2 creatures vanquished.

Grand Total: 79 creatures vanquished

Notes
Turn   | Place    | Note
--------------------------------------------------------------
     0 | D:1      | Maka the Hill Orc Fighter began the quest for the Orb.
     0 | D:1      | Reached XP level 1. HP: 19/19 MP: 1/1
   253 | D:1      | Reached XP level 2. HP: 20/26 MP: 2/2
   819 | D:2      | Reached XP level 3. HP: 31/31 MP: 3/3
   846 | D:2      | Noticed Jessica
   899 | D:2      | Killed Jessica
   899 | D:2      | Reached skill level 4 in Maces & Flails
   951 | D:2      | Reached XP level 4. HP: 35/39 MP: 4/4
  1441 | D:3      | Found a faded altar to an unknown god.
  1449 | D:3      | Reached skill level 5 in Maces & Flails
  1461 | D:3      | Found a radiant altar of Vehumet.
  1462 | D:3      | Noticed alpinistek's ghost (weakling DsIE)
  1612 | D:3      | Killed alpinistek's ghost
  1612 | D:3      | Reached XP level 5. HP: 32/45 MP: 5/5
  1781 | D:3      | Found a deep blue altar of Sif Muna.
  1792 | D:3      | Found a burning altar of Makhleb.
  2344 | D:4      | Found a shattered altar of Ashenzari.
  2407 | D:4      | Reached skill level 6 in Maces & Flails
  2451 | D:4      | Reached XP level 6. HP: 44/51 MP: 6/6
  2566 | D:4      | Found a bloodstained altar of Trog.
  2578 | D:4      | Reached skill level 7 in Maces & Flails
  2884 | D:4      | Noticed Crazy Yiuf
  2894 | D:4      | Killed Crazy Yiuf
  3116 | D:4      | Found a sparkling altar of Nemelex Xobeh.
  3556 | D:5      | Entered Level 5 of the Dungeon
  3882 | D:5      | Found a blossoming altar of Fedhas.
  4014 | D:5      | Reached XP level 7. HP: 57/57 MP: 7/7
  4022 | D:5      | Reached skill level 8 in Maces & Flails
  4109 | D:5      | Identified a scroll of acquirement
  4548 | D:5      | Slain by an orc warrior

Vault maps used:
D:1:      dpeg_arrival_signposts
D:2:      first_bread, uniq_jessica
D:3:      vehumet_altar_wand_db, minitemple, ecumenical_altar_1,
          lemuel_flame_loot_1
D:4:      cheibrodos_ashenzari_chains, lemuel_round_altar,
          kennysheep_little_box, hangedman_abyss_or_decor_passed,
          kennysheep_generic_room_11, uniq_crazy_yiuf_cottage
D:5:      lemuel_crystal_altar, kennysheep_generic_room_2
D:6:      temple_doors_e

Action                   |  1- 3 |  4- 6 |  7- 9 || total
-------------------------+-------+-------+-------++-------
Melee: Flail             |    55 |    94 |       ||   149
       Morningstar       |       |   105 |    41 ||   146
  Use: Potion            |       |     1 |     2 ||     3
       Scroll            |       |    10 |     5 ||    15
  Eat: Chunk             |       |     3 |       ||     3
       Pizza             |       |     4 |       ||     4
       Beef jerky        |       |     1 |       ||     1
       Royal jelly       |       |     1 |       ||     1
